[Event "ONJK-C 2019"]
[Site "Borne"]
[Date "2019.08.07"]
[Round "4.9"]
[White "Voorbergen, Milan"]
[Black "Dhaenens, Leon"]
[Result "0-1"]
[ECO "B40"]
[WhiteElo "1410"]
[BlackElo "1583"]
[Annotator "NA"]
[PlyCount "92"]
[EventDate "2019.08.05"]
[EventType "swiss"]
[EventCountry "NED"]
[SourceTitle "playchess.com"]
[Source "ChessBase"]
[SourceQuality "1"]
[TimeControl "5400+30"]

1. e4 c5 2. Nf3 e6 3. Nc3 a6 4. d3 Qc7 5. Bg5 d6 6. Be2 Nd7 7. O-O Ngf6 8. Nd2 Be7 9. Bh4 b5 10. Bf3 Bb7 11. Qe2 Ne5 12. Bg3 O-O 13. Bxe5 dxe5 14. Nd1 Rfd8 15. Ne3 Rd7 16. b3 Rad8 17. Rfc1 Ne8 18. Qf1 Nd6 19. Rd1 Nc8 20. Be2 Na7 21. c4 b4 22. a3 Nc6 23. Nf3 Nd4 24. Nxd4 exd4 25. Nc2 a5 26. a4 f5 27. f3 Rf8 28. Ne1 fxe4 29. dxe4 Bxe4 30. Bd3 Bxd3 31. Nxd3 Bd6 32. g3 Rdf7 33. Kg2 e5 34. Re1 Rf6 35. Qf2 Qf7 36. Rf1 e4 37. Ne1 e3 38. Qe2 Rg6 39. Nd3 Qf5 40. f4 Qe4+ 41. Kg1 Rf5 42. Rf3 h5 43. h4 Bxf4 44. Raf1 Bxg3 45. Kh1 Qxh4+ 46. Kg2 Qh2# 0-1

[Event "ONJK-C 2019"]
[Site "Borne"]
[Date "2019.08.07"]
[Round "4.10"]
[White "Ang, Rufus"]
[Black "Groen, Jari"]
[Result "1-0"]
[ECO "D38"]
[WhiteElo "1498"]
[BlackElo "1349"]
[Annotator "NA"]
[PlyCount "105"]
[EventDate "2019.08.05"]
[EventType "swiss"]
[EventCountry "NED"]
[SourceTitle "playchess.com"]
[Source "ChessBase"]
[SourceQuality "1"]
[TimeControl "5400+30"]

1. d4 Nf6 2. c4 e6 3. Nc3 Bb4 4. Bg5 d5 5. Nf3 O-O 6. e3 h6 7. Bh4 b6 8. Qb3 Bxc3+ 9. bxc3 Bb7 10. Be2 Nbd7 11. O-O c5 12. Rfd1 Qe7 13. Rac1 Rfd8 14. Ne5 g5 15. Bg3 Ne4 16. Nxd7 Rxd7 17. Be5 Rad8 18. Bf3 Nf6 19. Qa4 Ba8 20. h3 Ne4 21. Bxe4 dxe4 22. Qa3 f6 23. Bg3 Bc6 24. Rd2 b5 25. Qa6 Ba8 26. Qxb5 e5 27. d5 Rb7 28. Qa4 Rb6 29. Qc2 f5 30. Rb1 Rdb8 31. Rxb6 Rxb6 32. f3 f4 33. exf4 exf4 34. Bf2 e3 35. Re2 exf2+ 36. Kxf2 Qf7 37. Qa4 Rf6 38. Re8+ Kg7 39. Rxa8 Kg6 40. Rxa7 Qf8 41. Qc2+ Kh5 42. Kg1 Qb8 43. Ra3 Qe5 44. Qd2 Rb6 45. Rb3 Ra6 46. Rb2 Ra3 47. Rc2 Ra4 48. Qe2 Qf6 49. Kh2 Kg6 50. Qe4+ Kh5 51. Qe8+ Kh4 52. Qxa4 Qe5 53. Rc1 1-0

[Event "ONJK-C 2019"]
[Site "Borne"]
[Date "2019.08.07"]
[Round "4.11"]
[White "De Rooij, Kevin"]
[Black "Yannopapas, Leontios"]
[Result "1/2-1/2"]
[ECO "D19"]
[WhiteElo "1480"]
[BlackElo "1329"]
[Annotator "NA"]
[PlyCount "53"]
[EventDate "2019.08.05"]
[EventType "swiss"]
[EventCountry "NED"]
[SourceTitle "playchess.com"]
[Source "ChessBase"]
[SourceQuality "1"]
[TimeControl "5400+30"]

1. d4 d5 2. c4 c6 3. Nf3 Nf6 4. Nc3 dxc4 5. a4 Bf5 6. e3 e6 7. Bxc4 Nbd7 8. O-O Bb4 9. Qe2 O-O 10. e4 Bg6 11. Bd3 Re8 12. e5 Nd5 13. Nxd5 cxd5 14. Rd1 Rc8 15. Bd2 Bxd2 16. Nxd2 Bxd3 17. Qxd3 Nb6 18. b3 Qe7 19. h3 Rc6 20. Rdc1 Rec8 21. Rxc6 Rxc6 22. a5 Nd7 23. Qb5 Nf8 24. a6 Rxa6 25. Rxa6 bxa6 26. Qxa6 Qb4 27. Nf3 1/2-1/2

[Event "ONJK-C 2019"]
[Site "Borne"]
[Date "2019.08.07"]
[Round "4.12"]
[White "Knol, Daniel"]
[Black "Oskam, Julian"]
[Result "1-0"]
[ECO "C54"]
[WhiteElo "1662"]
[BlackElo "1197"]
[Annotator "NA"]
[PlyCount "85"]
[EventDate "2019.08.05"]
[EventType "swiss"]
[EventCountry "NED"]
[SourceTitle "playchess.com"]
[Source "ChessBase"]
[SourceQuality "1"]
[TimeControl "5400+30"]

1. e4 e5 2. Nf3 Nc6 3. Bc4 Bc5 4. c3 Nf6 5. d4 exd4 6. cxd4 Bb4+ 7. Bd2 Bxd2+ 8. Nbxd2 d6 9. O-O O-O 10. Re1 d5 11. exd5 Nxd5 12. Nf1 Nb6 13. Bb5 Bd7 14. Ne3 a6 15. Bf1 Re8 16. d5 Ne5 17. Nxe5 Rxe5 18. Qd4 Qe7 19. g3 Re8 20. Bg2 Qf6 21. Qc3 Na4 22. Qxc7 Bb5 23. b3 Nb2 24. Reb1 h5 25. Nc4 Re2 26. Rf1 Nd3 27. Rad1 Rxa2 28. Rxd3 Bxc4 29. Qxc4 Ree2 30. Qd4 Qd6 31. Re3 Red2 32. Re8+ Kh7 33. Be4+ Kh6 34. Rh8+ Kg5 35. Qxg7+ Qg6 36. h4+ Kg4 37. Bxg6 Kf3 38. Qf6+ Ke2 39. Bxh5+ Kd3 40. Bf3 a5 41. Rc8 Rdc2 42. Rd1+ Rd2 43. Rc3# 1-0

[Event "ONJK-C 2019"]
[Site "Borne"]
[Date "2019.08.07"]
[Round "4.13"]
[White "Arnold, Lorin"]
[Black "Alvares, Thomas"]
[Result "1-0"]
[ECO "D00"]
[WhiteElo "1583"]
[BlackElo "1408"]
[Annotator "NA"]
[PlyCount "37"]
[EventDate "2019.08.05"]
[EventType "swiss"]
[EventCountry "NED"]
[SourceTitle "playchess.com"]
[Source "ChessBase"]
[SourceQuality "1"]
[TimeControl "5400+30"]

1. d4 Nf6 2. e3 e6 3. Bd3 d5 4. f4 c5 5. c3 Nc6 6. Nf3 Be7 7. Nbd2 cxd4 8. exd4 O-O 9. O-O Bd6 10. Ne5 Qb6 11. Kh1 Ne7 12. Rf3 Nf5 13. Rh3 h6 14. g4 Ne7 15. g5 hxg5 16. fxg5 Bxe5 17. gxf6 Bxf6 18. Qh5 Rd8 19. Qh8# 1-0

[Event "ONJK-C 2019"]
[Site "Borne"]
[Date "2019.08.07"]
[Round "4.14"]
[White "Zaalmink, Bram"]
[Black "Van der Veen, Tjado"]
[Result "1-0"]
[ECO "D53"]
[WhiteElo "1367"]
[BlackElo "1282"]
[Annotator "NA"]
[PlyCount "67"]
[EventDate "2019.08.05"]
[EventType "swiss"]
[EventCountry "NED"]
[SourceTitle "playchess.com"]
[Source "ChessBase"]
[SourceQuality "1"]
[TimeControl "5400+30"]

1. d4 d5 2. c4 e6 3. Nc3 Nf6 4. Bg5 Be7 5. Nf3 Nbd7 6. e3 c5 7. cxd5 exd5 8. dxc5 Nxc5 9. Bd3 Bg4 10. Bb5+ Bd7 11. Bxd7+ Qxd7 12. Bxf6 Bxf6 13. Rc1 O-O 14. Nxd5 Ne4 15. Nxf6+ Nxf6 16. Qxd7 Nxd7 17. Rc7 Nf6 18. Rxb7 Rfb8 19. Rxb8+ Rxb8 20. b3 h6 21. O-O Rd8 22. Nd4 Ne4 23. Rc1 g6 24. f3 Nf6 25. Kf2 Kg7 26. Rc7 a6 27. Ne6+ Kg8 28. Nxd8 Nd5 29. Rxf7 Nc3 30. e4 Nxa2 31. e5 Nb4 32. e6 Nd5 33. e7 Nxe7 34. Rxe7 1-0

[Event "ONJK-C 2019"]
[Site "Borne"]
[Date "2019.08.07"]
[Round "5.1"]
[White "Klugstedt, Vincent"]
[Black "De Rycke, Tyani"]
[Result "0-1"]
[ECO "D36"]
[WhiteElo "1834"]
[BlackElo "1787"]
[Annotator "NA"]
[PlyCount "78"]
[EventDate "2019.08.05"]
[EventType "swiss"]
[EventCountry "NED"]
[SourceTitle "playchess.com"]
[Source "ChessBase"]
[SourceQuality "1"]
[TimeControl "5400+30"]

1. d4 d5 2. c4 e6 3. Nc3 Nf6 4. cxd5 exd5 5. Bg5 c6 6. Qc2 h6 7. Bh4 Bd6 8. e3 Nbd7 9. Nf3 Qc7 10. Bd3 O-O 11. Bg3 Bxg3 12. hxg3 c5 13. dxc5 Nxc5 14. O-O-O Nxd3+ 15. Qxd3 Ne4 16. Qc2 Nxc3 17. bxc3 Rd8 18. Rh4 Be6 19. Nd4 Rac8 20. Kb2 Rd6 21. Nb3 Rc6 22. Rc1 a5 23. Qd2 Ra6 24. Nd4 a4 25. Nc2 a3+ 26. Ka1 Qxc3+ 27. Qxc3 Rxc3 28. f3 Rac6 29. Kb1 Bf5 30. e4 dxe4 31. fxe4 g5 32. exf5 gxh4 33. gxh4 Rb6+ 34. Ka1 Kg7 35. g4 f6 36. h5 Rb5 37. g5 fxg5 38. f6+ Kxf6 39. Rf1+ Rf5 0-1

[Event "ONJK-C 2019"]
[Site "Borne"]
[Date "2019.08.07"]
[Round "5.2"]
[White "Malfliet, Alexander"]
[Black "De Heij, Mees"]
[Result "1/2-1/2"]
[ECO "B33"]
[WhiteElo "1491"]
[BlackElo "1545"]
[Annotator "NA"]
[PlyCount "83"]
[EventDate "2019.08.05"]
[EventType "swiss"]
[EventCountry "NED"]
[SourceTitle "playchess.com"]
[Source "ChessBase"]
[SourceQuality "1"]
[TimeControl "5400+30"]

1. e4 c5 2. Nf3 Nc6 3. d4 cxd4 4. Nxd4 Nf6 5. Nc3 e5 6. Ndb5 d6 7. Bg5 a6 8. Na3 b5 9. Bxf6 gxf6 10. Nd5 Bg7 11. c4 b4 12. Nc2 a5 13. Bd3 O-O 14. Qh5 Rb8 15. b3 Be6 16. O-O Qd7 17. Rae1 Bg4 18. Qh4 f5 19. h3 fxe4 20. Bxe4 Bf5 21. Qg5 Bg6 22. Nf6+ Bxf6 23. Qxf6 Qe7 24. Qf3 Nd8 25. Ne3 Ne6 26. Nd5 Qd8 27. Qf6 Re8 28. h4 Nf4 29. Bxg6 hxg6 30. Qxd8 Rexd8 31. Nxf4 exf4 32. Re4 d5 33. Rxf4 dxc4 34. Rxc4 Rd2 35. Ra1 Re8 36. a3 bxa3 37. Rxa3 Re1+ 38. Kh2 Rxf2 39. Rxa5 Rb2 40. Ra8+ Kg7 41. Rb8 Re3 42. b4 1/2-1/2

[Event "ONJK-C 2019"]
[Site "Borne"]
[Date "2019.08.07"]
[Round "5.3"]
[White "Kumar, Prajit Sai"]
[Black "Goudriaan, Rafael"]
[Result "1-0"]
[ECO "D38"]
[WhiteElo "1574"]
[BlackElo "1719"]
[Annotator "NA"]
[PlyCount "77"]
[EventDate "2019.08.05"]
[EventType "swiss"]
[EventCountry "NED"]
[SourceTitle "playchess.com"]
[Source "ChessBase"]
[SourceQuality "1"]
[TimeControl "5400+30"]

1. d4 d5 2. c4 e6 3. cxd5 exd5 4. Nc3 Nf6 5. Nf3 Bb4 6. Bd2 O-O 7. e3 Bg4 8. Be2 c6 9. O-O Nbd7 10. a3 Ba5 11. Ne1 Bf5 12. Bd3 Be6 13. Ne2 Bc7 14. Qc2 Rc8 15. f4 Nb6 16. Nf3 h6 17. Ng3 Re8 18. Rae1 Bb8 19. Bc3 Bd7 20. Ne5 Ng4 21. Rf3 Bxe5 22. fxe5 Nxh2 23. Kxh2 Qh4+ 24. Kg1 Bg4 25. Nf5 Qg5 26. Rf2 Rcd8 27. Nd6 Re7 28. Ba5 h5 29. Bf5 h4 30. Bxg4 Qxg4 31. Qf5 Qg3 32. Rf3 Qg6 33. Qxg6 fxg6 34. Bxb6 axb6 35. Ref1 Rdd7 36. Rf8+ Kh7 37. R8f7 c5 38. e6 Rc7 39. Nb5 1-0

[Event "ONJK-C 2019"]
[Site "Borne"]
[Date "2019.08.07"]
[Round "5.4"]
[White "De Jong, Mats"]
[Black "De Vries, Fabian"]
[Result "0-1"]
[ECO "D53"]
[WhiteElo "1356"]
[BlackElo "1704"]
[Annotator "NA"]
[PlyCount "60"]
[EventDate "2019.08.05"]
[EventType "swiss"]
[EventCountry "NED"]
[SourceTitle "playchess.com"]
[Source "ChessBase"]
[SourceQuality "1"]
[TimeControl "5400+30"]

1. d4 d5 2. c4 c6 3. Nf3 Nf6 4. Nc3 e6 5. Bg5 Nbd7 6. e3 Be7 7. Bd3 dxc4 8. Bxc4 b5 9. Bd3 a6 10. e4 Bb7 11. O-O O-O 12. Qc2 h6 13. Bxf6 Bxf6 14. e5 Be7 15. Ne4 Qb6 16. a3 c5 17. dxc5 Nxc5 18. b4 Nxd3 19. Qxd3 Rfd8 20. Qe2 a5 21. bxa5 Rxa5 22. Rfb1 Bxe4 23. Qxe4 Rxa3 24. h3 Rxa1 25. Rxa1 b4 26. Rb1 Bc5 27. Qc2 Rb8 28. Rb3 Ra8 29. Ne1 Ra1 30. Qe4 Bxf2+ 0-1

[Event "ONJK-C 2019"]
[Site "Borne"]
[Date "2019.08.07"]
[Round "5.5"]
[White "Smeets, Kobe"]
[Black "Boeren, Jurriaan"]
[Result "1-0"]
[ECO "C18"]
[WhiteElo "1530"]
[BlackElo "1522"]
[Annotator "NA"]
[PlyCount "45"]
[EventDate "2019.08.05"]
[EventType "swiss"]
[EventCountry "NED"]
[SourceTitle "playchess.com"]
[Source "ChessBase"]
[SourceQuality "1"]
[TimeControl "5400+30"]

1. e4 e6 2. d4 d5 3. Nc3 Bb4 4. e5 c5 5. a3 Bxc3+ 6. bxc3 Nc6 7. Qg4 g6 8. Nf3 Nge7 9. Bd3 c4 10. Be2 Nf5 11. Bg5 Qa5 12. Kd2 h5 13. Qf4 Nb8 14. h3 Nd7 15. g4 h4 16. gxf5 exf5 17. Bxh4 Nf8 18. Ng5 Qd8 19. Bg3 a6 20. h4 Ra7 21. h5 gxh5 22. Bxh5 Be6 23. Bxf7+ 1-0

[Event "ONJK-C 2019"]
[Site "Borne"]
[Date "2019.08.07"]
[Round "5.6"]
[White "Dhaenens, Leon"]
[Black "Ang, Rufus"]
[Result "1-0"]
[ECO "A12"]
[WhiteElo "1583"]
[BlackElo "1498"]
[Annotator "NA"]
[PlyCount "69"]
[EventDate "2019.08.05"]
[EventType "swiss"]
[EventCountry "NED"]
[SourceTitle "playchess.com"]
[Source "ChessBase"]
[SourceQuality "1"]
[TimeControl "5400+30"]

1. c4 c6 2. Nf3 d5 3. b3 Bf5 4. Bb2 e6 5. g3 Nf6 6. Bg2 Bd6 7. O-O Nbd7 8. Re1 O-O 9. d3 Bb4 10. Nbd2 Re8 11. a3 Ba5 12. b4 Bb6 13. e4 dxe4 14. Nxe4 Bg4 15. h3 Bh5 16. Qc2 a5 17. Nd6 Rf8 18. Nxb7 Qc7 19. Nxa5 Bxa5 20. bxa5 Rxa5 21. Bc3 Ra6 22. Ne5 Nxe5 23. Bxe5 Qe7 24. a4 Bg6 25. Qc3 Rd8 26. Red1 c5 27. a5 Rd7 28. Rab1 Rd8 29. Rb6 Ra7 30. a6 Rdd7 31. Qb3 h6 32. Bb8 Bh5 33. Rd2 Kh7 34. Bxa7 Rxa7 35. Rb7 1-0

[Event "ONJK-C 2019"]
[Site "Borne"]
[Date "2019.08.07"]
[Round "5.7"]
[White "Neisingh, Nils"]
[Black "Zaalmink, Bram"]
[Result "1/2-1/2"]
[ECO "C03"]
[WhiteElo "1710"]
[BlackElo "1367"]
[Annotator "NA"]
[PlyCount "125"]
[EventDate "2019.08.05"]
[EventType "swiss"]
[EventCountry "NED"]
[SourceTitle "playchess.com"]
[Source "ChessBase"]
[SourceQuality "1"]
[TimeControl "5400+30"]

1. e4 e6 2. d4 d5 3. Nd2 Be7 4. c3 c5 5. e5 cxd4 6. cxd4 Qb6 7. Ngf3 Bd7 8. Be2 Bb5 9. O-O Nc6 10. Bxb5 Qxb5 11. Nb1 Rc8 12. Nc3 Qb6 13. Re1 Na5 14. Qa4+ Nc6 15. h3 a6 16. Re2 Qb4 17. Be3 Bd8 18. Qxb4 Nxb4 19. a3 Nc6 20. Rc1 Nge7 21. Na4 b6 22. Rec2 h6 23. b4 O-O 24. Nd2 f5 25. exf6 Rxf6 26. Nf3 Na7 27. Rxc8 Naxc8 28. Ne5 Nd6 29. Nd7 Rf7 30. Ndxb6 Nb7 31. Nd7 a5 32. Ne5 Rf6 33. Nc6 Nxc6 34. Rxc6 axb4 35. axb4 Kf8 36. Nc5 Nxc5 37. dxc5 e5 38. Rxf6+ Bxf6 39. b5 Ke8 40. c6 Bd8 41. b6 d4 42. c7 Bxc7 43. bxc7 Kd7 44. Bd2 Kxc7 45. Kf1 Kc6 46. Ke2 e4 47. f3 e3 48. Bxe3 dxe3 49. Kxe3 Kd7 50. Kf4 Ke8 51. g4 g5+ 52. Kf5 Kf7 53. f4 gxf4 54. Kxf4 Kg6 55. h4 Kf6 56. Ke4 Ke6 57. Kd4 Kd6 58. g5 hxg5 59. hxg5 Ke6 60. Ke4 Kf7 61. Kf5 Kg7 62. g6 Kg8 63. Ke4 1/2-1/2

[Event "ONJK-C 2019"]
[Site "Borne"]
[Date "2019.08.07"]
[Round "5.8"]
[White "Wierenga, Jael"]
[Black "Knol, Daniel"]
[Result "1/2-1/2"]
[ECO "C54"]
[WhiteElo "1469"]
[BlackElo "1622"]
[Annotator "NA"]
[PlyCount "40"]
[EventDate "2019.08.05"]
[EventType "swiss"]
[EventCountry "NED"]
[SourceTitle "playchess.com"]
[Source "ChessBase"]
[SourceQuality "1"]
[TimeControl "5400+30"]

1. e4 e5 2. Nf3 Nc6 3. Bc4 Bc5 4. c3 Nf6 5. d3 d6 6. O-O O-O 7. Bg5 h6 8. Bh4 Be6 9. Bb3 Bb6 10. Re1 Qe7 11. Nbd2 Rfe8 12. Ba4 Bd7 13. Nc4 Nb8 14. Nxb6 axb6 15. Bc2 Bg4 16. d4 Nbd7 17. h3 Bh5 18. Re3 g5 19. Bg3 Bg6 20. Nd2 Nh5 1/2-1/2

[Event "ONJK-C 2019"]
[Site "Borne"]
[Date "2019.08.07"]
[Round "5.9"]
[White "Yannopapas, Leontios"]
[Black "Arnold, Lorin"]
[Result "0-1"]
[ECO "D00"]
[WhiteElo "1428"]
[BlackElo "1583"]
[Annotator "NA"]
[PlyCount "136"]
[EventDate "2019.08.05"]
[EventType "swiss"]
[EventCountry "NED"]
[SourceTitle "playchess.com"]
[Source "ChessBase"]
[SourceQuality "1"]
[TimeControl "5400+30"]

1. d4 d5 2. Nc3 e6 3. Bf4 Bd6 4. e3 Bxf4 5. exf4 f5 6. Nf3 Nf6 7. Bd3 O-O 8. O-O Ne4 9. Re1 h6 10. Ne5 Nd7 11. Qh5 Nxe5 12. fxe5 Bd7 13. Bxe4 fxe4 14. Re3 Be8 15. Qg4 Qe7 16. Rh3 Kh8 17. Re1 Rf5 18. Nxd5 exd5 19. Qxf5 Bd7 20. Qh5 Bxh3 21. Qxh3 c5 22. c3 cxd4 23. cxd4 Qb4 24. Qc3 Qxc3 25. bxc3 Rc8 26. Re3 b5 27. f3 exf3 28. gxf3 g5 29. Kg2 Kg7 30. Kg3 b4 31. cxb4 Rc4 32. Ra3 Rxb4 33. Rxa7+ Kg6 34. a4 Rxd4 35. a5 Ra4 36. a6 Kf5 37. e6 Kxe6 38. Rh7 d4 39. Rxh6+ Ke5 40. Kf2 Ra2+ 41. Ke1 Kf4 42. Rb6 Kxf3 43. Rb3+ Ke4 44. Rg3 Rxa6 45. Rxg5 Ra1+ 46. Kf2 Ra2+ 47. Kg1 d3 48. Kf1 Ra1+ 49. Kf2 d2 50. Rg4+ Kf5 51. Rd4 d1=Q 52. Rxd1 Rxd1 53. h4 Rh1 54. Kg3 Kg6 55. Kg4 Kh6 56. Kg3 Kh5 57. Kg2 Rxh4 58. Kf3 Kg5 59. Ke3 Rf4 60. Kd3 Kf5 61. Ke3 Ke5 62. Kd3 Re4 63. Kc2 Re3 64. Kd2 Kd4 65. Kc2 Rd3 66. Kb1 Rd2 67. Ka1 Kc3 68. Kb1 Rh2 0-1

[Event "ONJK-C 2019"]
[Site "Borne"]
[Date "2019.08.07"]
[Round "5.10"]
[White "Tiggelman, Vincent"]
[Black "De Rooij, Kevin"]
[Result "1/2-1/2"]
[ECO "B40"]
[WhiteElo "1358"]
[BlackElo "1465"]
[Annotator "NA"]
[PlyCount "36"]
[EventDate "2019.08.05"]
[EventType "swiss"]
[EventCountry "NED"]
[SourceTitle "playchess.com"]
[Source "ChessBase"]
[SourceQuality "1"]
[TimeControl "5400+30"]

1. e4 c5 2. Nf3 e6 3. Nc3 Nc6 4. e5 a6 5. g3 Qc7 6. Qe2 g6 7. d3 Bg7 8. Bf4 Nge7 9. Bg2 Nf5 10. O-O-O O-O 11. Rde1 b5 12. h4 Bb7 13. Rh2 Ncd4 14. Nxd4 Nxd4 15. Qe3 Bxg2 16. Rxg2 Nf5 17. Qe2 Nd4 18. Qe3 Nf5 1/2-1/2

[Event "ONJK-C 2019"]
[Site "Borne"]
[Date "2019.08.07"]
[Round "5.11"]
[White "De Putter, Sven"]
[Black "Nielsen, Philip"]
[Result "0-1"]
[ECO "B08"]
[WhiteElo "1319"]
[BlackElo "1797"]
[Annotator "NA"]
[PlyCount "48"]
[EventDate "2019.08.05"]
[EventType "swiss"]
[EventCountry "NED"]
[SourceTitle "playchess.com"]
[Source "ChessBase"]
[SourceQuality "1"]
[TimeControl "5400+30"]

1. e4 d6 2. d4 Nf6 3. Nc3 g6 4. Bc4 Bg7 5. Nf3 O-O 6. O-O e6 7. Bg5 Qd7 8. Qd2 a6 9. Rad1 b6 10. Bh6 Bb7 11. Rfe1 Rd8 12. Qg5 b5 13. Bd3 b4 14. e5 Nd5 15. Nxd5 Bxd5 16. Be4 Bxe4 17. Rxe4 Nc6 18. Rh4 Qe7 19. exd6 Qxg5 20. Bxg5 Rxd6 21. c3 bxc3 22. bxc3 Rb8 23. h3 Rb2 24. a4 Ra2 0-1

[Event "ONJK-C 2019"]
[Site "Borne"]
[Date "2019.08.07"]
[Round "5.13"]
[White "Van Doren, Frodo"]
[Black "Molanus, Eva"]
[Result "1-0"]
[ECO "B76"]
[WhiteElo "1433"]
[BlackElo "1281"]
[Annotator "NA"]
[PlyCount "33"]
[EventDate "2019.08.05"]
[EventType "swiss"]
[EventCountry "NED"]
[SourceTitle "playchess.com"]
[Source "ChessBase"]
[SourceQuality "1"]
[TimeControl "5400+30"]

1. e4 c5 2. Nf3 d6 3. d4 cxd4 4. Nxd4 Nf6 5. Nc3 g6 6. f3 Bg7 7. Be3 O-O 8. Qd2 Nc6 9. O-O-O d5 10. exd5 Nxd5 11. Nxc6 bxc6 12. Nxd5 cxd5 13. Qxd5 Qc7 14. Qxa8 Bf5 15. Qxf8+ Kxf8 16. Rd2 Qe5 17. Rd8# 1-0

[Event "ONJK-C 2019"]
[Site "Borne"]
[Date "2019.08.07"]
[Round "5.14"]
[White "Molanus, Florian"]
[Black "Voorbergen, Milan"]
[Result "1-0"]
[ECO "D20"]
[WhiteElo "1287"]
[BlackElo "1410"]
[Annotator "NA"]
[PlyCount "65"]
[EventDate "2019.08.05"]
[EventType "swiss"]
[EventCountry "NED"]
[SourceTitle "playchess.com"]
[Source "ChessBase"]
[SourceQuality "1"]
[TimeControl "5400+30"]

1. d4 d5 2. c4 dxc4 3. e3 Nf6 4. Bxc4 e6 5. Nc3 Nc6 6. Nf3 Be7 7. e4 O-O 8. O-O b6 9. Qd3 a6 10. Bg5 Bb7 11. Bb3 Na5 12. Bc2 Ne8 13. e5 f5 14. exf6 Nxf6 15. Bxf6 Bxf6 16. Qxh7+ Kf7 17. Ne5+ Bxe5 18. dxe5 Qg5 19. f3 Nc4 20. Ne4 Qxe5 21. Rfe1 Rh8 22. Nc3 Qg5 23. Qd3 Ne5 24. Rxe5 Qxe5 25. f4 Qh5 26. Qd7+ Kf8 27. h3 Qc5+ 28. Kf1 Qc4+ 29. Bd3 Qxf4+ 30. Ke1 Qh4+ 31. Ke2 Rd8 32. Rf1+ Kg8 33. Qf7# 1-0

[Event "ONJK-C 2019"]
[Site "Borne"]
[Date "2019.08.08"]
[Round "6.1"]
[White "De Rycke, Tyani"]
[Black "Smeets, Kobe"]
[Result "1-0"]
[ECO "B23"]
[WhiteElo "1787"]
[BlackElo "1530"]
[Annotator "NA"]
[PlyCount "99"]
[EventDate "2019.08.05"]
[EventType "swiss"]
[EventCountry "NED"]
[SourceTitle "playchess.com"]
[Source "ChessBase"]
[SourceQuality "1"]
[TimeControl "5400+30"]

1. e4 c5 2. Nc3 e6 3. g3 d5 4. exd5 exd5 5. Bg2 Nf6 6. Nge2 Be7 7. O-O O-O 8. Nf4 d4 9. Ne4 Nc6 10. d3 Ne5 11. h3 Rb8 12. Nxf6+ Bxf6 13. Nd5 Ng6 14. h4 Ne5 15. Bf4 b6 16. Re1 Re8 17. Nxf6+ gxf6 18. Be4 Bg4 19. Qd2 Rc8 20. Bxe5 fxe5 21. Qh6 f5 22. Bc6 Rxc6 23. Qxc6 e4 24. dxe4 Bf3 25. Qd5+ Qxd5 26. exd5 Rxe1+ 27. Rxe1 Bxd5 28. Re7 Bxa2 29. Rxa7 Bb1 30. c3 dxc3 31. bxc3 Bd3 32. Rb7 b5 33. Rc7 b4 34. cxb4 cxb4 35. Rb7 Kh8 36. f3 Bc2 37. Rxb4 Kg7 38. Rb6 h5 39. Kf2 Ba4 40. Ke3 Bd1 41. Kf4 Be2 42. Re6 Bd1 43. Re5 Bb3 44. Rxf5 Kh6 45. Rf6+ Kg7 46. Kg5 Bc2 47. Rc6 Bd1 48. Rc7+ Kg8 49. Kxh5 Bxf3+ 50. Kg5 1-0

[Event "ONJK-C 2019"]
[Site "Borne"]
[Date "2019.08.08"]
[Round "6.2"]
[White "Malfliet, Alexander"]
[Black "Klugstedt, Vincent"]
[Result "0-1"]
[ECO "B34"]
[WhiteElo "1491"]
[BlackElo "1834"]
[Annotator "NA"]
[PlyCount "30"]
[EventDate "2019.08.05"]
[EventType "swiss"]
[EventCountry "NED"]
[SourceTitle "playchess.com"]
[Source "ChessBase"]
[SourceQuality "1"]
[TimeControl "5400+30"]

1. e4 c5 2. Nf3 Nc6 3. d4 cxd4 4. Nxd4 g6 5. Nc3 Bg7 6. Be3 Nf6 7. f3 O-O 8. Qd2 d5 9. exd5 Nxd5 10. Nxd5 Qxd5 11. Nxc6 Qxc6 12. O-O-O Bf5 13. Qf2 Qa4 14. a3 Bxc2 15. Rd2 Bxb2+ 0-1

[Event "ONJK-C 2019"]
[Site "Borne"]
[Date "2019.08.08"]
[Round "6.3"]
[White "De Vries, Fabian"]
[Black "Dhaenens, Leon"]
[Result "1-0"]
[ECO "A30"]
[WhiteElo "1704"]
[BlackElo "1583"]
[Annotator "NA"]
[PlyCount "61"]
[EventDate "2019.08.05"]
[EventType "swiss"]
[EventCountry "NED"]
[SourceTitle "playchess.com"]
[Source "ChessBase"]
[SourceQuality "1"]
[TimeControl "5400+30"]

1. Nf3 c5 2. g3 b6 3. Bg2 Bb7 4. O-O Nf6 5. c4 e6 6. Nc3 a6 7. d4 cxd4 8. Nxd4 Bxg2 9. Kxg2 Qc7 10. Qd3 Be7 11. b3 O-O 12. Bb2 d6 13. Rfd1 Nbd7 14. Rac1 Rac8 15. Ba3 Rfd8 16. e4 Qb7 17. f3 Nc5 18. Qe3 Bf8 19. Bxc5 bxc5 20. Nde2 d5 21. cxd5 exd5 22. exd5 Nxd5 23. Qe4 Nxc3 24. Qxb7 Nxd1 25. Rxd1 Rxd1 26. Qxc8 Rd6 27. Kf2 Re6 28. Nc3 g6 29. Ne4 Rb6 30. Nxc5 a5 31. Nd7 1-0

[Event "ONJK-C 2019"]
[Site "Borne"]
[Date "2019.08.08"]
[Round "6.4"]
[White "Arnold, Lorin"]
[Black "Kumar, Prajit Sai"]
[Result "1/2-1/2"]
[ECO "B23"]
[WhiteElo "1583"]
[BlackElo "1574"]
[Annotator "NA"]
[PlyCount "57"]
[EventDate "2019.08.05"]
[EventType "swiss"]
[EventCountry "NED"]
[SourceTitle "playchess.com"]
[Source "ChessBase"]
[SourceQuality "1"]
[TimeControl "5400+30"]

1. e4 c5 2. Nc3 d6 3. f4 Nc6 4. Nf3 a6 5. a4 Bd7 6. Bc4 e6 7. O-O Nge7 8. Qe1 Qc7 9. Qf2 O-O-O 10. d4 cxd4 11. Nxd4 Nxd4 12. Qxd4 d5 13. exd5 Nxd5 14. Kh1 Nxc3 15. Qxc3 Bc6 16. Be3 Bd5 17. Bxd5 Rxd5 18. Qxc7+ Kxc7 19. Rfd1 Rxd1+ 20. Rxd1 Be7 21. g4 Rd8 22. Rxd8 Bxd8 23. Kg2 Kd6 24. Kf3 Bf6 25. b3 Kd5 26. Bb6 Bd4 27. Ba5 f6 28. c4+ Kd6 29. Ke4 {[%emt 0:00:52] Ke5+} 1/2-1/2

[Event "ONJK-C 2019"]
[Site "Borne"]
[Date "2019.08.08"]
[Round "6.5"]
[White "De Heij, Mees"]
[Black "Neisingh, Nils"]
[Result "0-1"]
[ECO "B50"]
[WhiteElo "1545"]
[BlackElo "1710"]
[Annotator "NA"]
[PlyCount "54"]
[EventDate "2019.08.05"]
[EventType "swiss"]
[EventCountry "NED"]
[SourceTitle "playchess.com"]
[Source "ChessBase"]
[SourceQuality "1"]
[TimeControl "5400+30"]

1. e4 c5 2. Nf3 d6 3. Nc3 a6 4. a4 Nf6 5. Bc4 e6 6. O-O Be7 7. d3 O-O 8. Bg5 Nc6 9. h3 Qc7 10. Qd2 Bd7 11. Nh2 Na5 12. Ng4 Qd8 13. Nxf6+ Bxf6 14. Bxf6 Qxf6 15. f4 Qd4+ 16. Kh1 Nxc4 17. Qe1 Nxb2 18. Ra2 Qb4 19. f5 exf5 20. exf5 Rae8 21. Qd2 Nxa4 22. Qg5 f6 23. Qd2 Qxc3 24. Qxc3 Nxc3 25. Rb2 Bc6 26. Rb3 Nb5 27. Rf4 Re2 0-1